 Dungeon Crawl Stone Soup version 0.30.0-29-ga12c61a403 (webtiles) character file.

Game seed: 11608559917779783290

177002 TrayleKats the Grappler (level 17, -1/172 HPs)
             Began as a Troll Gladiator on June 15, 2023.
             Was the Champion of Wu Jian.
             Slain by a ghost moth (13 damage)
             ... on level 2 of the Spider Nest on June 22, 2023.
             The game lasted 01:26:17 (36869 turns).

TrayleKats the Grappler (Troll Gladiator)          Turns: 36869, Time: 01:26:18

Health: -1/172     AC: 11    Str: 27 (28) XL:     17   Next: 25%
Magic:  16/28      EV:  9    Int: 12      God:    Wu Jian [******]
Gold:   1801       SH: 17    Dex: 10      Spells: 21/33 levels left

rFire   + .          .
                       - Unarmed
rCold   + + +        V - +0 kite shield "Xienna Laujy" {Dex+4}
rNeg    + . .        U - +2 robe of the Manifold Brambles {rC+ Will+ Int+4}
rPois   +            x - -2 hat of the Alchemist {rElec rPois rF+ rC+ rN+ Will+ rMut rCorr}
rElec   +            q - +2 cloak
rCorr   +            (gloves unavailable)
SInv    .            (boots unavailable)
Will    ++++.        W - amulet of reflection
Stlth   +            P - ring of Wariness {Wiz rC+ Int+2 Dex-5}
HPRegen 1.28/turn    F - +4 ring of protection
MPRegen 0.21/turn

%: reflection, resist mutation, wizardry (x1)
@: no status effects
A: large, unfitting armour, claws 3, regeneration 1, shaggy fur 1, tough skin 1,
dopey 1, strong-willed 1, wild magic 1
}: 1/15 runes: decaying
a: Renounce Religion, Wall Jump, Serpent's Lash, Heavenly Storm


You were on level 2 of the Spider Nest.
You worshipped Wu Jian.
Wu Jian was exalted by your worship.
You visited 5 branches of the dungeon, and saw 28 of its levels.
You also visited: Trove and Bailey.

You collected 4735 gold pieces.
You spent 2934 gold pieces at shops.

Inventory:

Hand Weapons
 k - the +9 trident "Alom" {vamp, rF+ SInv}
   (You took it off an orc warlord in a bailey)

   rF:        It protects you from fire.
   SInv:      It lets you see invisible.
Missiles
 a - 7 curare-tipped darts
 c - a throwing net
 d - 31 large rocks (quivered)
 p - 5 javelins
Armour
 i - a +0 tower shield
 q - a +2 cloak (worn)
 x - the -2 hat of the Alchemist (worn) {rElec rPois rF+ rC+ rN+ Will+ rMut rCorr}
   (You found it on level 15 of the Dungeon)

   rF:        It protects you from fire.
   rC:        It protects you from cold.
   rElec:     It insulates you from electricity.
   rPois:     It protects you from poison.
   rN:        It protects you from negative energy.
   rCorr:     It protects you from acid and corrosion.
   rMut:      It protects you from mutation.
   Will:      It increases your willpower.
 U - the +2 robe of the Manifold Brambles (worn) {rC+ Will+ Int+4}
   (You found it on level 3 of the Swamp)

   Int:       It affects your intelligence (+4).
   rC:        It protects you from cold.
   Will:      It increases your willpower.
 V - the +0 kite shield "Xienna Laujy" (worn) {Dex+4}
   (You found it in a treasure trove)

   Dex:       It affects your dexterity (+4).
Jewellery
 F - a +4 ring of protection (right claw)
 H - a +5 ring of evasion
 P - the ring of Wariness (left claw) {Wiz rC+ Int+2 Dex-5}
   (You bought it in a shop on level 7 of the Dungeon)

   [ring of wizardry]

   It improves your spell success rate.
   Int:       It affects your intelligence (+2).
   Dex:       It affects your dexterity (-5).
   rC:        It protects you from cold.
 W - an amulet of reflection (around neck)
Wands
 t - a wand of mindburst (44)
 D - a wand of polymorph (20)
 E - a wand of roots (12)
 M - a wand of flame (34)
 Q - a wand of paralysis (29)
Scrolls
 b - 6 scrolls of identify
 e - 9 scrolls of fog
 h - a scroll of fear
 r - a scroll of brand weapon
 s - 3 scrolls of enchant armour
 y - a scroll of summoning {unknown}
 C - 2 scrolls of silence
 G - 6 scrolls of poison
 K - 4 scrolls of magic mapping
 L - a scroll of teleportation
 N - 3 scrolls of amnesia
 O - 3 scrolls of enchant weapon
 X - a scroll of blinking
Potions
 f - 5 potions of invisibility
 g - 5 potions of lignification
 j - 8 potions of curing
 m - 3 potions of cancellation
 n - a potion of heal wounds
 o - a potion of brilliance
 u - 5 potions of ambrosia
 v - 4 potions of resistance
 w - 3 potions of berserk rage
 z - 2 potions of might
 A - 7 potions of flight
 B - 5 potions of mutation
 I - a potion of haste
 J - 4 potions of magic
Miscellaneous
 l - a phial of floods
 R - a phantom mirror
 S - a lightning rod (4/4)


   Skills:
 + Level 11.6 Fighting
 + Level 9.5 Throwing
 + Level 4.2 Armour
 - Level 2.4 Dodging
 + Level 13.1 Shields
 + Level 14.1 Unarmed Combat
 + Level 8.6 Spellcasting
 + Level 7.3 Transmutations
 + Level 8.7 Earth Magic


You had 21 spell levels left.
You knew the following spells:

 Your Spells              Type           Power      Damage    Failure   Level
a - Statue Form           Tmut/Erth      20%        N/A       47%         6
b - Passwall              Tmut/Erth      25%        N/A       1%          2
c - Wereblood             Tmut           29%        N/A       1%          2
d - Lesser Beckoning      Tloc           12%        N/A       16%         2

Your spell library contained the following spells:

 Spells                   Type           Power      Damage    Failure   Level
 Lee's Rapid Deconstruct  Erth           17%        3d10*     9%          5
 Magic Dart               Conj           24%        1d4       12%         1
 Slow                     Hex            24%        N/A       12%         1
 Call Imp                 Summ           12%        N/A       16%         2
 Poisonous Vapours        Pois/Air       12%        N/A       16%         2
 Sublimation of Blood     Necr           6%         N/A       16%         2
 Blade Hands              Tmut           14%        N/A       16%         5
 Leda's Liquefaction      Hex/Erth       10%        N/A       19%         4
 Ice Form                 Ice/Tmut       18%        N/A       24%         4
 Call Canine Familiar     Summ           6%         N/A       30%         3
 Confusing Touch          Hex            6%         N/A       30%         3
 Dazzling Flash           Conj/Hex       12%        N/A       30%         3
 Gell's Gravitas          Tloc           6%         N/A       30%         3
 Inner Flame              Hex/Fire       6%         N/A       30%         3
 Mephitic Cloud           Conj/Pois/Air  6%         N/A       30%         3
 Portal Projectile        Hex/Tloc       12%        N/A       30%         3
 Summon Guardian Golem    Hex/Summ       6%         N/A       30%         3
 Teleport Other           Tloc           6%         N/A       30%         3
 Tukima's Dance           Hex            6%         N/A       30%         3
 Vampiric Draining        Necr           6%         2d6       30%         3
 Yara's Violent Unravell  Hex/Tmut       9%         3d6       52%         5
 Agony                    Necr           6%         N/A       92%         5
 Freezing Cloud           Conj/Ice/Air   3%         6-21      92%         5
 Silence                  Hex/Air        3%         N/A       92%         5
 Enfeeble                 Hex            3%         N/A       100%        7
 Spellforged Servitor     Conj/Summ      3%         N/A       100%        7
 Summon Hydra             Summ           3%         N/A       100%        7


Dungeon Overview and Level Annotations

Branches:
Dungeon (15/15)            Temple (0/1) D:5            Lair (5/5) D:11
  Swamp (4/4) Lair:2       Spider (2/4) Lair:2        Slime (0/5) Lair:4
    Orc (2/2) D:9             Elf (0/3) Orc:2        Vaults (0/5) D:14
 Depths (0/4) D:15         Bailey (visited)

Altars:
Ashenzari
Dithmenos
Elyvilon
Hepliaklqana
Okawaru
Qazlal
Ru
Sif Muna
Uskayaw
Wu Jian
Xom
Zin
The Shining One
Jiyva

Shops:
D:4 :   D:5 [   D:7 =   D:9 =   D:10 (   D:15 (   Orc:2 *?:[

Portals:
Pandemonium: Orc:2

Annotations:
D:14 1 runed translucent door
Lair:4 1 runed translucent door


Innate Abilities, Weirdness & Mutations

You are too large for most types of armour.
You have claws for hands.
Your natural rate of healing is unusually fast.
You are covered in fur. (AC +1)
You have tough skin. (AC +1)
You are dopey. (Int -2)
You are strong-willed. (Will+)
Your spells are a little harder to cast, but a little more powerful.


Message History

The electric eel shoots out a bolt of lightning at you!
The bolt of electricity hits you. You resist.
* * * LOW HITPOINT WARNING * * *
Something hits you but does no damage.
Deactivating autopickup; reactivate with Ctrl-A.
Something hits you but does no damage. Something stings you.
* * * LOW HITPOINT WARNING * * *
You feel weakened.
You mangle the redback!!
You kill the redback!
The Council accepts your kill.
Aiming: Throw Flame
Press: ? - help, Shift-Dir - straight line, f - electric eel
Aim: an electric eel (48% to hit)
The puff of flame misses the electric eel.
You block something's attack. Something hits you!
* * * LOW HITPOINT WARNING * * *
Something stings you.
* * * LOW HITPOINT WARNING * * *
The electric eel is engulfed in a cloud of scalding steam.
The electric eel shoots out a bolt of lightning at you!
The bolt of electricity hits you. You resist.
* * * LOW HITPOINT WARNING * * *
You block something's attack. Something hits you.
* * * LOW HITPOINT WARNING * * *
Something stings you but does no damage.
You feel much better.
You feel less exhausted.
The electric eel is engulfed in a cloud of scalding steam.
You kill the electric eel!
The Council accepts your kill.
You hear a splash.
You block something's attack. Something hits you!
* * * LOW HITPOINT WARNING * * *
Something stings you but does no damage.
Okay, then.
You start resting.
Something hits you!
* * * LOW HITPOINT WARNING * * *
You block something's attack. Something stings you!
You die...

#...~~~#..... .
..^≈~.#.... ..
.#...^...## ...
..?......##
....#.........#
.......$.......
..^#..†......#
.......@.~...#
..........~~##
...........§≈#
..........~~§#
#..........~≈#
........)...~≈.
...............
...............


There were no monsters in sight!

Vanquished Creatures
  the Lernaean hydra (Swamp:4)
  Nikola (Swamp:4)
  A tentacled monstrosity (Swamp:2)
  Jorgrun (Orc:2)
  Rupert (Lair:4)
  A kraken (Swamp:3)
  2 thorn hunters
  Donald (Orc:2)
  6 fenstrider witches
  Louise (Swamp:4)
  An orc warlord (Bailey)
  A stone giant (D:15)
  Nessos (D:15)
  7 eleionomae
  4 bunyips
  A shambling mangrove (Swamp:1)
  A fire dragon (D:14)
  18 hydras
  An ogre mage (D:15)
  A spriggan air mage (Swamp:2)
  4 centaur warriors
  A ghost crab (Swamp:3)
  A demonspawn (Orc:2)
  Erica (D:11)
  A dancing weapon (D:14)
  11 alligators
  5 two-headed ogres
  8 boulder beetles
  2 tengu warriors (D:15)
  4 death yaks
  5 orc high priests (Orc:2)
  16 spriggans
  5 skysharks
  2 skeletal warriors (D:14)
  A sixfirhy (Orc:2)
  6 spriggan druids
  An orb spider (Spider:1)
  3 goliath frogs
  10 swamp dragons
  Pikel (D:7)
  4 orc knights (Orc:2)
  A bog body (Swamp:4)
  2 deep elf pyromancers
  6 orc sorcerers (Orc:2)
  2 will-o-the-wisps
  13 ugly things
  A wolf spider (Spider:1)
  6 cyclopes
  A manticore (D:13)
  Maurice (Orc:2)
  3 rust devils (Orc:2)
  9 elephants
  2 demonic crawlers (Spider:1)
  3 black mambas
  14 cane toads
  A gargoyle (D:11)
  An unseen horror (D:12)
  3 kobold demonologists
  A komodo dragon (Lair:5)
  2 trolls
  18 tyrant leeches
  A bloated husk (Swamp:2)
  3 polar bears
  16 hornets
  A hornet (shapeshifter) (D:13)
  A raiju (shapeshifter) (D:15)
  5 tarantellas (Spider:1)
  14 blink frogs
  13 dream sheep (Lair:5)
  14 slime creatures
  A shadow (D:11)
  6 culicivoras
  8 jumping spiders
  2 wyverns
  4 wraiths
  4 basilisks
  2 chaos spawn (Orc:2)
  3 hogs (D:8)
  12 redbacks
  A human (D:8)
  48 yaks
  24 vampire mosquitoes
  Edmund (D:4)
  A warg (Orc:2)
  An acid dragon (D:13)
  14 swamp worms
  Duvessa (D:4)
  6 water moccasins
  10 swamp drakes
  3 black bears
  46 orc warriors
  A sky beast (D:8)
  2 ice beasts (D:8)
  8 ogres
  11 wolves
  A lemure (D:6)
  5 centaurs
  2 phantoms
  4 kobold brigands
  Blork the orc (D:5)
  3 gnoll sergeants
  15 bullfrogs
  3 scorpions
  Dowan (D:4)
  5 howler monkeys
  10 electric eels
  A jelly (D:5)
  A wyvern simulacrum (D:8)
  3 hounds (D:6)
  26 orc priests
  5 iguanas
  3 gnoll boudas
  2 sleepcaps
  17 orc wizards
  Robin (D:2)
  31 gnolls
  9 adders
  5 white imps
  A howler monkey simulacrum (D:8)
  3 ufetubi
  A worm (D:2)
  2 dart slugs
  74 orcs
  10 endoplasms
  4 giant cockroaches
  25 goblins
  22 hobgoblins
  11 jackals
  27 kobolds
  4 quokkas
  8 ball pythons
  5 bats
  3 frilled lizards
  4 rats
  A butterfly (Lair:3)
  3 tentacles (Swamp:3)
884 creatures vanquished.

Vanquished Creatures (others)
  A hydra (Swamp:4)
  A swamp dragon (Swamp:4)
  A swamp worm (Swamp:4)
  A swamp drake (Swamp:4)
  An orc wizard (D:9)
  4 foxfires (Swamp:1)
  4 tentacles (Swamp:3)
13 creatures vanquished.

Grand Total: 897 creatures vanquished

Notes
Turn   | Place    | Note
-------+----------+-------------------------------------------
     0 | D:1      | TrayleKats the Troll Gladiator began the quest for the Orb.
     0 | D:1      | Reached XP level 1. HP: 19/19 MP: 0/0
   113 | D:1      | Reached XP level 2. HP: 28/28 MP: 1/1
   922 | D:2      | Reached XP level 3. HP: 35/35 MP: 2/2
  1033 | D:2      | Reached XP level 4. HP: 40/44 MP: 3/3
  1272 | D:2      | Found a faded altar of an unknown god.
  1296 | D:2      | Prayed at the altar of an unknown god.
  1296 | D:2      | Became a worshipper of the Wu Jian Council
  1296 | D:2      | Reached * piety under Wu Jian
  1343 | D:2      | Reached skill level 4 in Unarmed Combat
  1507 | D:2      | Noticed Robin
  1524 | D:2      | Killed Robin
  1525 | D:2      | Reached XP level 5. HP: 27/50 MP: 4/4
  2032 | D:3      | Found a shadowy altar of Dithmenos.
  2463 | D:3      | Reached ** piety under Wu Jian
  3002 | D:4      | Found Henlezoa's Tremendous Tomes.
  3037 | D:4      | Noticed Edmund
  3057 | D:4      | Killed Edmund
  3058 | D:4      | Reached XP level 6. HP: 28/61 MP: 5/5
  3097 | D:4      | Noticed Duvessa
  3108 | D:4      | Noticed Dowan
  3117 | D:4      | Killed Duvessa
  3118 | D:4      | Reached skill level 5 in Unarmed Combat
  3130 | D:4      | Killed Dowan
  3242 | D:4      | Reached XP level 7. HP: 68/68 MP: 6/6
  3289 | D:4      | Found a shimmering altar of Xom.
  3290 | D:4      | Found a glowing silver altar of Zin.
  3290 | D:4      | Noticed an angel
  3360 | D:4      | Noticed a wyvern
  3375 | D:4      | Killed a wyvern
  4163 | D:5      | Entered Level 5 of the Dungeon
  4189 | D:5      | Found Tedoi's Armour Shoppe.
  4209 | D:5      | Reached skill level 5 in Throwing
  4209 | D:5      | Reached skill level 6 in Unarmed Combat
  4219 | D:5      | Reached XP level 8. HP: 45/79 MP: 7/7
  4503 | D:5      | Noticed Blork the orc
  4522 | D:5      | Killed Blork the orc
  4523 | D:5      | Reached skill level 5 in Fighting
  4597 | D:5      | Found a staircase to the Ecumenical Temple.
  4617 | D:5      | Reached *** piety under Wu Jian
  4954 | D:5      | Reached skill level 7 in Unarmed Combat
  5373 | D:6      | Reached skill level 1 in Shields
  5524 | D:6      | Reached XP level 9. HP: 89/89 MP: 8/8
  5871 | D:7      | Found a hazy altar of Hepliaklqana.
  5872 | D:7      | Noticed Pikel
  5996 | D:7      | Killed Pikel
  6218 | D:7      | Found a glowing golden altar of the Shining One.
  6224 | D:7      | Found a broken altar of Ashenzari.
  6227 | D:7      | Found a stormy altar of Qazlal.
  6227 | D:7      | Found a white marble altar of Elyvilon.
  6234 | D:7      | Found a hide-covered altar of Uskayaw.
  6555 | D:7      | Found Cuadepsu's Jewellery Shop.
  6563 | D:7      | Bought a +4 ring of protection for 396 gold pieces
  6576 | D:7      | Reached skill level 8 in Unarmed Combat
  6580 | D:7      | Found a flagged portal.
  6593 | Bailey   | Entered a bailey
  6730 | Bailey   | Reached **** piety under Wu Jian
  6819 | Bailey   | Reached skill level 5 in Shields
  6887 | Bailey   | Reached XP level 10. HP: 100/100 MP: 9/9
  6987 | Bailey   | Identified the +9 trident "Alom" {vamp, rF+ SInv}
  6987 | Bailey   | Noticed an orc warlord
  7069 | Bailey   | Killed an orc warlord
  7119 | Bailey   | Acquired 962 gold pieces
  7206 | D:7      | Reached skill level 5 in Spellcasting
  7206 | D:7      | Reached XP level 11. HP: 107/107 MP: 9/18
  7329 | D:8      | Found an iron altar of Okawaru.
  7430 | D:8      | Reached ***** piety under Wu Jian
  7913 | D:8      | Found a sacrificial altar of Ru.
  8046 | D:8      | Reached skill level 9 in Unarmed Combat
  8928 | D:9      | Reached XP level 12. HP: 118/118 MP: 19/19
  9126 | D:9      | Found Jedwelouj's Jewellery Shoppe.
  9544 | D:9      | Noticed a two-headed ogre
  9567 | D:9      | Killed a two-headed ogre
  9645 | D:9      | Found a staircase to the Orcish Mines.
  9727 | D:10     | Entered Level 10 of the Dungeon
  9896 | D:10     | Found Hisuesmi's Weapon Shoppe.
 11253 | D:11     | Noticed Erica
 11707 | D:11     | Killed Erica
 11774 | D:11     | Found a staircase to the Lair.
 11923 | Lair:1   | Entered Level 1 of the Lair of Beasts
 11976 | Lair:1   | Reached skill level 10 in Unarmed Combat
 12245 | Lair:1   | Identified the +8 falchion "Otoivuod" {drain, rN+ rCorr
                  | Int+4}
 12627 | Lair:2   | Found a staircase to the Swamp.
 12954 | Lair:2   | Found a hole to the Spider Nest.
 13930 | Lair:3   | Reached skill level 10 in Shields
 13935 | Lair:3   | Reached XP level 13. HP: 78/128 MP: 20/20
 14466 | D:4      | Bought Dinaschyrgh's Notes on Allied Sculpting for 1176
                  | gold pieces
 14555 | D:7      | Bought the ring of Wariness {Wiz rC+ Int+2 Dex-5} for 414
                  | gold pieces
 14691 | Lair:1   | Learned a level 6 spell: Statue Form
 14694 | Lair:1   | Learned a level 2 spell: Passwall
 14747 | Lair:3   | Reached ****** piety under Wu Jian
 15281 | Lair:4   | Reached skill level 1 in Earth Magic
 15648 | Lair:4   | Found a runed translucent door.
 15649 | Lair:4   | Found a viscous altar of Jiyva.
 15657 | Lair:4   | Found a staircase to the Slime Pits.
 15660 | Lair:4   | Noticed Rupert
 15662 | Lair:4   | Paralysed by Rupert for 2 turns
 15795 | Lair:4   | Killed Rupert
 15796 | Lair:4   | Reached skill level 1 in Transmutations
 15935 | Lair:4   | Identified the +4 leather armour "Kuweu" {rPois Int+2
                  | Stlth+}
 16602 | Lair:5   | Entered Level 5 of the Lair of Beasts
 16616 | Lair:5   | Reached skill level 11 in Unarmed Combat
 17792 | Lair:5   | Reached XP level 14. HP: 140/140 MP: 22/22
 17997 | Lair:5   | Learned a level 2 spell: Wereblood
 18498 | Orc:1    | Entered Level 1 of the Orcish Mines
 18553 | Orc:2    | Entered Level 2 of the Orcish Mines
 18645 | Orc:2    | Found a staircase to the Elven Halls.
 18899 | Orc:2    | Noticed Jorgrun
 18911 | Orc:2    | Killed Jorgrun
 18958 | Orc:2    | Noticed Maurice
 19122 | Orc:2    | Killed Maurice
 19168 | Orc:2    | Found Faoskaoc's Magic Scroll Boutique.
 19175 | Orc:2    | Noticed Donald
 19188 | Orc:2    | Killed Donald
 19210 | Orc:2    | Found Voapsubu's General Store.
 19261 | Orc:2    | Reached skill level 12 in Unarmed Combat
 19261 | Orc:2    | Reached skill level 5 in Earth Magic
 19285 | Orc:2    | Gained mutation: You are vulnerable to cold. (rC-) [a
                  | neqoxec]
 19293 | Orc:2    | Paralysed by an orc sorcerer for 2 turns
 19299 | Orc:2    | Found Ceak's Book Shoppe.
 19299 | Orc:2    | Found Vejouz's Antique Armour Emporium.
 19300 | Orc:2    | Found a one-way gate leading to the halls of Pandemonium.
 19302 | Orc:2    | Paralysed by an orc sorcerer for 5 turns
 19315 | Orc:2    | Reached skill level 10 in Fighting
 19399 | Orc:2    | Bought a scroll of blinking for 105 gold pieces
 19399 | Orc:2    | Bought a scroll of teleportation for 42 gold pieces
 19399 | Orc:2    | Bought a scroll of enchant armour for 105 gold pieces
 19401 | Orc:2    | Bought a scroll of teleportation for 42 gold pieces
 19401 | Orc:2    | Bought a scroll of teleportation for 42 gold pieces
 19401 | Orc:2    | Bought a book of Displacement for 308 gold pieces
 19863 | Orc:2    | Found a shimmering blue altar of Sif Muna.
 20826 | D:12     | Found a portal to a secret trove of treasure.
 21124 | D:12     | Reached XP level 15. HP: 149/149 MP: 24/24
 22192 | D:13     | Found the +13 scythe of Curses {drain, curses, Drain}
 22830 | D:14     | Reached skill level 5 in Transmutations
 23380 | D:14     | HP: 3/150 [large slime creature (32)]
 23800 | D:14     | Found a gate to the Vaults.
 23816 | D:14     | Found a runed translucent door.
 23834 | D:15     | Entered Level 15 of the Dungeon
 23834 | D:15     | Found the -2 hat of the Alchemist {rElec rPois rF+ rC+ rN+
                  | Will+ rMut rCorr}
 24069 | D:5      | Bought the +0 robe of Sophism {Rampage Slay+3} for 304 gold
                  | pieces
 25006 | D:15     | Found a staircase to the Depths.
 25230 | D:15     | Noticed Nessos
 25239 | D:15     | Killed Nessos
 25673 | D:15     | Found Ejoiskeode's Weapon Shop.
 26118 | Swamp:1  | Entered Level 1 of the Swamp
 26121 | Swamp:1  | Noticed a thorn hunter
 26135 | Swamp:1  | Killed a thorn hunter
 26413 | Swamp:1  | Reached skill level 13 in Unarmed Combat
 26990 | Swamp:1  | Noticed a fenstrider witch
 26998 | Swamp:1  | Killed a fenstrider witch
 27116 | Swamp:1  | Noticed a fenstrider witch
 27123 | Swamp:1  | Killed a fenstrider witch
 27704 | D:12     | You paid a toll of 15 scrolls of teleportation to enter a
                  | treasure trove
 27705 | Trove    | Entered a treasure trove
 27712 | Trove    | Identified the +2 long sword of the Middle {heavy, *Noise
                  | rPois rF+ Dex+3}
 27724 | Trove    | Identified the +0 kite shield "Xienna Laujy" {Dex+4}
 27745 | Trove    | Identified the ring "Xavupoti" {Fly rC+ Dex+3}
 28016 | Swamp:1  | Identified the +3 scimitar of the Destroying Gods {speed,
                  | Int+4}
 28038 | Swamp:1  | Reached XP level 16. HP: 133/161 MP: 26/26
 28656 | Swamp:2  | Reached skill level 1 in Armour
 30086 | Swamp:2  | Learned a level 2 spell: Lesser Beckoning
 30672 | Swamp:3  | Noticed a tentacled monstrosity
 30702 | Swamp:2  | Killed a tentacled monstrosity
 31532 | Swamp:3  | Noticed a kraken
 31549 | Swamp:3  | Killed a kraken
 32062 | Swamp:3  | Identified the +2 robe of the Manifold Brambles {rC+ Will+
                  | Int+4}
 32108 | Swamp:4  | Entered Level 4 of the Swamp
 32115 | Swamp:4  | Paralysed by a fenstrider witch for 4 turns
 32851 | Swamp:4  | Gained mutation: You are frail. (-10% HP) [mutagenic glow]
 32860 | Swamp:4  | Gained mutation: Your mind is acute. (Int +4, Str/Dex -1)
                  | [mutagenic glow]
 32882 | Swamp:4  | Gained mutation: Your spells are a little harder to cast,
                  | but a little more powerful. [mutagenic glow]
 32884 | Swamp:4  | Noticed Nikola
 32988 | Swamp:3  | Lost mutation: You are vulnerable to cold. (rC-) [potion of
                  | mutation]
 32988 | Swamp:3  | Lost mutation: You are frail. (-10% HP) [potion of
                  | mutation]
 32988 | Swamp:3  | Lost mutation: Your mind is acute. (Int +4, Str/Dex -1)
                  | [potion of mutation]
 32988 | Swamp:3  | Gained mutation: You have sharp toenails. [potion of
                  | mutation]
 32988 | Swamp:3  | Gained mutation: You sometimes lose your temper in combat.
                  | [potion of mutation]
 32988 | Swamp:3  | Gained mutation: Your magical capacity is low. (-10% MP)
                  | [potion of mutation]
 32989 | Swamp:3  | Lost mutation: Your magical capacity is low. (-10% MP)
                  | [potion of mutation]
 32989 | Swamp:3  | Lost mutation: You have sharp toenails. [potion of
                  | mutation]
 32989 | Swamp:3  | Lost mutation: You sometimes lose your temper in combat.
                  | [potion of mutation]
 32989 | Swamp:3  | Gained mutation: You are dopey. (Int -2) [potion of
                  | mutation]
 32989 | Swamp:3  | Gained mutation: You are strong-willed. (Will+) [potion of
                  | mutation]
 33400 | Swamp:4  | Noticed a thorn hunter
 33403 | Swamp:4  | Noticed Louise
 33416 | Swamp:3  | Killed a thorn hunter
 33437 | Swamp:4  | Killed Louise
 34005 | Swamp:4  | Killed Nikola
 34503 | Swamp:4  | Reached XP level 17. HP: 170/170 MP: 28/28
 34625 | Swamp:4  | Reached skill level 14 in Unarmed Combat
 34645 | Swamp:4  | Noticed the 27-headed Lernaean hydra
 34680 | Swamp:4  | Killed the 26-headed Lernaean hydra
 35094 | Swamp:4  | Got a decaying rune of Zot
 35703 | Spider:1 | Entered Level 1 of the Spider Nest
 36867 | Spider:2 | HP: 6/172 [something (5)]
 36869 | Spider:2 | Slain by a ghost moth

Illustrated notes

Levels and vault maps discovered:
D:1:      dpeg_arrival_central, layout_basic
D:2:      layout_basic, ebering_ecumenical_altar_abandoned,
          kennysheep_small_spiral, minmay_guardbox, uniq_robin
D:3:      layout_loops_corners, nicolae_dithmenos_shadow_blocks
D:4:      layout_basic, grunt_temple_overflow_order_and_chaos_1,
          nicolae_shop_i_like_big_books, uniq_edmund, uniq_duvessa
D:5:      layout_cave_pools, minmay_temple_entry_glassed_door,
          minmay_misc_feat_enclosed, nicolae_stop_n_shop_2, uniq_blork_the_orc
D:6:      layout_loops_ring, grunt_decor_fettered
D:7:      hellmonk_crumbling_castle, layout_basic,
          nicolae_hepliaklqana_hazy_memory,
          nicolae_overflow_hallway_of_the_gods, serial_shops, shop,
          enter_bailey_3, uniq_pikel
D:8:      layout_loops_corners, lemuel_doored_altar, lemuel_crystal_altar,
          serial_ice, serial_ice_k, serial_ice_o, serial_ice_b, serial_ice_g,
          grunt_livestock, kennysheep_generic_room_6
D:9:      minmay_goldmine, layout_basic, david_orc_4, serial_shops,
          nicolae_shop_tiny_statue_garden, minmay_splitting_lines
D:10:     layout_roguey, nicolae_inconvenience_store, minmay_misc_feat_pillars
D:11:     layout_roguey, lair_entry_dummy, hex_intersection, uniq_erica
D:12:     layout_rooms, enter_trove_6
D:13:     layout_basic, onia_ninara_dug_in_and_dangerous
D:14:     layout_basic, erik_vaults_1, nicolae_kite_square_tiling_large,
          nicolae_danse_macabre
D:15:     grunt_enter_depths_snipers, layout_gridville, serial_shops, shop,
          uniq_nessos
Lair:1:   layout_long_grid, dreamdust_deal_with_the_devil, serial_bayou_pond_e,
          grunt_megastairs_3
Lair:2:   layout_chaotic_city, swamp_mist, nicolae_spider_entry_tight_spaces,
          serial_bayou, serial_bayou_pond_d, serial_bayou_crossing,
          serial_bayou_lake_a, serial_bayou_shore_a
Lair:3:   layout_cellular_growth, lemuel_fruit_fields
Lair:4:   layout_cave_shapes, slime_entry_2, serial_bayou_pond_a, uniq_rupert
Lair:5:   minmay_lair_end_frog_pond, layout_misc_corridors
Swamp:1:  layout_basic_swamp, infiniplex_staircase_pool_2
Swamp:2:  layout_basic_swamp, evilmike_swamp_ruin_house_4
Swamp:3:  layout_basic_swamp, evilmike_swamp_ruin_wall, swamp_pool3,
          nicolae_swamp_thats_no_hydra
Swamp:4:  swamp_old_school, layout_basic_swamp, swamp_pool4,
          nicolae_swamp_very_dense_foliage, uniq_louise, uniq_nikola
Spider:1: layout_spider_delve, einodemon_crawler_minivault
Spider:2: layout_spider_delve, drop_trap, nicolae_crawler_farm
Orc:1:    layout_diamond_mine, serial_shops, shop, nicolae_shop_waterfront,
          basic_altar, uniq_erolcha
Orc:2:    pf_orc_diabolical, layout_diamond_mine, basic_altar,
          kennysheep_orc_sif_temple, uniq_maurice, uniq_jorgrun, uniq_donald

Skill      XL: |  1  2  3  4  5  6  7  8  9 10 11 12 13 14 15 16 17 |
---------------+----------------------------------------------------+-----
Throwing       | 2 3 4 5 6 7 8 9 |  9.5
Fighting       | 2 3 4 5 6 7 8 9 10 11 | 11.6
Unarmed Combat | 4 5 6 7 8 9 10 11 12 13 14 | 14.1
Shields        | 2 5 6 7 10 11 12 13 | 13.1
Spellcasting   | 5 6 7 8 |  8.6
Earth Magic    | 3 5 7 8 |  8.7
Transmutations | 3 4 6 7 |  7.3
Armour         | 3 4 |  4.2
Dodging        | |  2.4

Action                     |  1- 3 |  4- 6 |  7- 9 | 10-12 | 13-15 | 16-18 || total
---------------------------+-------+-------+-------+-------+-------+-------++-------
  Melee: Unarmed           |    85 |   173 |   314 |   721 |  1436 |   723 ||  3452
         Punch             |     2 |     3 |     3 |       |       |       ||     8
  Throw: Dart              |       |     7 |    13 |     3 |       |     1 ||    24
         Javelin           |       |       |     6 |     8 |       |    12 ||    26
         Throwing net      |       |       |       |     2 |       |       ||     2
         Boomerang         |       |       |       |    49 |   224 |   127 ||   400
         Large rock        |       |       |       |       |       |    27 ||    27
   Cast: Wereblood         |       |       |       |       |     4 |       ||     4
         Statue Form       |       |       |       |       |       |     5 ||     5
 Invoke: Serpent's Lash    |       |       |       |     4 |    16 |    14 ||    34
         Heavenly Storm    |       |       |       |       |     1 |       ||     1
Ability: Lunge             |       |    16 |    24 |    28 |    91 |    25 ||   184
         Whirlwind         |       |     1 |     5 |    87 |   403 |   155 ||   651
         Wall Jump         |       |       |     2 |     6 |     3 |     4 ||    15
  Evoke: Wand              |       |       |       |     3 |     6 |     2 ||    11
         Phantom mirror    |       |       |       |       |     1 |       ||     1
         Lightning rod     |       |       |       |       |     1 |       ||     1
    Use: Scroll            |       |       |     6 |    19 |     5 |     2 ||    32
         Potion            |       |       |       |     2 |     3 |    15 ||    20
   Stab: Sleeping          |     1 |       |       |       |       |       ||     1
         Held in net/web   |       |       |       |     5 |       |       ||     5
         Invisible         |       |       |       |       |     1 |     3 ||     4
         Distracted        |       |       |       |       |     1 |       ||     1
         Paralysed         |       |       |       |       |     7 |       ||     7
 Armour: Robe              |    26 |    49 |    48 |   145 |   171 |   145 ||   584
         Fire dragon scale |       |       |       |       |    92 |    52 ||   144
         Skin              |       |       |       |       |       |   106 ||   106
  Dodge: Dodged            |    44 |    81 |    92 |   197 |   446 |   219 ||  1079
  Block: Kite shield       |       |       |    69 |   232 |   572 |   482 ||  1355
         Reflection        |       |       |       |       |     2 |     6 ||     8
